 Dungeon Crawl Stone Soup version 0.30-a0-728-gc68057be0a (webtiles) character file.

Game seed: 6346557316409981591

59 Newt the Trooper (level 3, -2/29 HPs)
             Began as a Demonspawn Gladiator on Jan 31, 2023.
             Slain by an orc
             ... wielding a +0 morningstar
              (8 damage)
             ... on level 3 of the Dungeon.
             The game lasted 00:01:31 (1845 turns).

Newt the Trooper (Demonspawn Gladiator)             Turns: 1845, Time: 00:01:31

Health: -2/29      AC:  5    Str: 16    XL:     3   Next: 78%
Magic:  3/3        EV: 12    Int:  9    God:
Gold:   116        SH:  0    Dex: 14    Spells: 2/2 levels left

rFire   + . .      SeeInvis .    h - +4 lajatang (pain)
rCold   + . .      Faith    .    (shield currently unavailable)
rNeg    . . .      Spirit   .    b - +0 leather armour
rPois   .          Reflect  .    c - +0 helmet
rElec   .          Harm     .    g - scarf {rC+ rF+}
rCorr   .          Rampage  .    (no gloves)
Will    .....                    (no boots)
Stlth   ++                       (no amulet)
HPRegen 0.24/turn                (no ring)
MPRegen 0.08/turn                (no ring)

@: no status effects
A: rugged brown scales 1
a: no special abilities


You were on level 3 of the Dungeon.
You visited 1 branch of the dungeon, and saw 3 of its levels.

You collected 116 gold pieces.

Inventory:

Hand Weapons
 a - a +0 rapier
 h - a +4 lajatang of pain (weapon)
Missiles
 d - 3 throwing nets (quivered)
 e - a javelin
 k - 25 stones
Armour
 b - a +0 leather armour (worn)
 c - a +0 helmet (worn)
 g - a scarf of resistance (worn)
Scrolls
 i - a scroll of torment
 m - a scroll of identify
Potions
 f - a potion of resistance
 j - 2 potions of curing
 l - a potion of heal wounds
 n - a potion of lignification


   Skills:
 + Level 3.5 Fighting
 - Level 2.6 Short Blades
 - Level 1.7 Throwing
 - Level 2.6 Dodging
 - Level 2.0 Stealth


You had 2 spell levels left.
You didn't know any spells.
Your spell library contained the following spells:

 Spells                   Type           Power      Damage    Failure   Level
 Magic Dart               Conj           0%         1d3       45%         1
 Call Imp                 Summ           0%         N/A       58%         2
 Mephitic Cloud           Conj/Pois/Air  0%         N/A       83%         3
 Animate Armour           Summ/Erth      0%         N/A       99%         4
 Blade Hands              Tmut           0%         N/A       100%        5
 Iron Shot                Conj/Erth      0%         9d1       100%        6


Dungeon Overview and Level Annotations

Branches:
Dungeon (3/15)

Altars:
Xom


Innate Abilities, Weirdness & Mutations

You are partially covered in rugged brown scales. (AC +1, +3% HP)


Message History

You kill the giant cockroach!
The bat misses you.
You throw a throwing net. The throwing net barely misses the bat.
The bat hits you but does no damage.
You throw a throwing net.
The throwing net closely misses the bat.
The bat closely misses you.
Okay, then.
The bat hits you but does no damage. The bat closely misses you.
You closely miss the bat. The bat barely misses you.
The bat hits you but does no damage.
You closely miss the bat. The bat barely misses you.
The bat hits you but does no damage.
You hit the bat.
You kill the bat!
No target in view!
No target in view!
d - 2 throwing nets (gained 1)
d - 3 throwing nets (gained 1)
Found a stone staircase leading down. 2 gnolls come into view.
The gnoll shouts! x2
There are monsters nearby!
There are monsters nearby!
An orc comes into view. It is wielding a +0 morningstar.
A gnoll comes into view. It is wielding a +0 whip.
The gnoll shouts!
The orc shouts!
An orc wizard comes into view. It is wielding a +0 dagger.
The orc wizard shouts!
There is a stone staircase leading down here.
You barely miss the gnoll. The gnoll hits you with a +0 club!
You slash the gnoll!
You kill the gnoll!
The orc hits you with a +0 morningstar.
The gnoll hits you from afar with a +0 spear!
The gnoll hits you from afar with a +0 spear.
* * * LOW HITPOINT WARNING * * *
The orc hits you with a +0 morningstar!
You die...

#. .# # .. ..
.. #. .## ##.
#. .. .... #.
g#
#...#.#g######
#...oo).......
#..# #@#
#..###.#
+..#...#
#..#.#####
##........#
##.†##.###.#
##.......##.#
##....###......
#.........#.###


You could see an orc wizard, 2 gnolls and an orc.

Vanquished Creatures
  2 gnolls
  A ball python (D:2)
  4 endoplasms
  4 giant cockroaches
  3 goblins
  9 hobgoblins
  2 jackals (D:1)
  3 quokkas (D:2)
  7 bats
  2 frilled lizards (D:2)
  4 kobolds
  2 rats (D:1)
43 creatures vanquished.

Notes
Turn   | Place    | Note
-------+----------+-------------------------------------------
     0 | D:1      | Newt the Demonspawn Gladiator began the quest for the Orb.
     0 | D:1      | Reached XP level 1. HP: 16/16 MP: 1/1
    72 | D:1      | Reached skill level 1 in Stealth
   122 | D:1      | Gained mutation: You are partially covered in rugged brown
                  | scales. (AC +1, +3% HP) [demonic ancestry]
   122 | D:1      | Reached XP level 2. HP: 16/22 MP: 2/2
   614 | D:1      | Reached XP level 3. HP: 28/28 MP: 3/3
   915 | D:2      | Identified a scroll of acquirement
   915 | D:2      | Acquired a +4 lajatang of pain
  1100 | D:2      | Reached skill level 3 in Fighting
  1189 | D:2      | Found a shimmering altar of Xom.
  1845 | D:3      | Slain by an orc

Illustrated notes

Levels and vault maps discovered:
D:1:      amcnicky_arrival_gap_in_the_tavern_cellar, layout_basic,
          minmay_crystal_room
D:2:      layout_basic, basic_altar, chequers_mini_garden, minmay_pentomino_u2
D:3:      lemuel_castle_with_subvaults [lemuel_castle_interior_original],
          layout_basic, grunt_decor_arrowhead, st_stairs_7, uniq_robin

Skill      XL: |  1  2  3 |
---------------+----------+-----
Stealth        | 2 |  2.0
Fighting       | 3 |  3.5
Short Blades   | |  2.6
Throwing       | |  1.7
Dodging        | |  2.6

Action                     || total
---------------------------++-------
  Melee: Rapier            ||    82
         Punch             ||     1
         Lajatang          ||    31
  Throw: Throwing net      ||     2
    Use: Scroll            ||     6
         Potion            ||     1
   Stab: Sleeping          ||     3
 Armour: Leather armour    ||    43
  Dodge: Dodged            ||   106

Table legend: (Time is in decaauts)
 A = Elapsed time spent in this place.
 B = Non-inter-level travel time spent in this place.
 C = Inter-level travel time spent in this place.
 D = Time resting spent in this place.
 E = Time spent auto-exploring this place.
 F = Levels seen in this place.
 G = Mean time per level.
                   A        B        C        D        E       F      G
               +--------+--------+--------+--------+--------+-----+--------+
         Total |   1861 |   1763 |     98 |    276 |   1197 |   3 |  620.3 |
       Dungeon |   1861 |   1763 |     98 |    276 |   1197 |   3 |  620.3 |
               +--------+--------+--------+--------+--------+-----+--------+

Top non-repeatable levels by time:
     D:2: 1037 daAuts
     D:1: 781 daAuts
     D:3: 42 daAuts
